 Dungeon Crawl Stone Soup version 0.29.1-12-g30fa7ad0bf (webtiles) character file.

Game seed: 3848696858427237755

5175 Radix the Fighter (level 10, 0/101 HPs)
             Began as a Minotaur Fighter on Jan 14, 2023.
             Was a Follower of Wu Jian.
             Slain by a death yak (20 damage)
             ... on level 8 of the Dungeon.
             The game lasted 00:29:32 (7925 turns).

Radix the Fighter (Minotaur Fighter)                Turns: 7925, Time: 00:29:33

Health: 0/101      AC: 13    Str: 33    XL:     10   Next: 34%
Magic:  9/9        EV: 13    Int:  5    God:    Wu Jian [*.....]
Gold:   479        SH:  8    Dex:  9    Spells: 9/9 levels left

rFire   + + .      SeeInvis .   a - +0 war axe
rCold   . . .      Faith    .   p - +0 kite shield
rNeg    . . .      Spirit   .   u - +3 ring mail of Turedgh {rPois rF+ Str+3}
rPois   +          Reflect  .   (helmet restricted)
rElec   +          Harm     .   (no cloak)
rCorr   .          Rampage  .   B - +0 pair of gloves
Will    .....                   E - +2 pair of boots
Stlth   ..........              (no amulet)
HPRegen 0.26/turn               b - +4 ring of evasion
MPRegen 0.11/turn               i - ring of Xom's Flight of Fancy {rElec rPois rF+ Str+4}

@: mighty
A: horns 2, retaliatory headbutt
a: Renounce Religion


You were on level 8 of the Dungeon.
You worshipped Wu Jian.
Wu Jian was aware of your devotion.
You visited 2 branches of the dungeon, and saw 9 of its levels.

You collected 479 gold pieces.

Inventory:

Hand Weapons
 a - a +0 war axe (weapon)
 x - a +0 arbalest
Missiles
 k - 6 javelins
 r - 6 boomerangs
Armour
 c - a +0 buckler
 o - a +0 pair of boots
 p - a +0 kite shield (worn)
 u - the +3 ring mail of Turedgh (worn) {rPois rF+ Str+3}
   (You found it on level 4 of the Dungeon)

   Str:       It affects your strength (+3).
   rF:        It protects you from fire.
   rPois:     It protects you from poison.
 B - a +0 pair of gloves (worn)
 D - a +3 scale mail
 E - a +2 pair of boots (worn)
Jewellery
 b - a +4 ring of evasion (left hand)
 i - the ring of Xom's Flight of Fancy (right hand) {rElec rPois rF+ Str+4}
   (You acquired it on level 6 of the Dungeon)

   [ring of poison resistance]

   Str:       It affects your strength (+4).
   rF:        It protects you from fire.
   rElec:     It insulates you from electricity.
   rPois:     It protects you from poison.
 C - a ring of positive energy
Wands
 s - a wand of digging (3) (quivered)
 w - a wand of roots (15)
 y - a wand of flame (44)
 F - a wand of charming (10)
Scrolls
 f - 4 scrolls of teleportation
 g - a scroll of immolation
 j - 3 scrolls of enchant weapon
 m - 2 scrolls of poison
 n - 4 scrolls of enchant armour
 q - 5 scrolls of identify
 G - a scroll of amnesia
Potions
 d - a potion of might
 e - a potion of flight {unknown}
 h - 4 potions of curing
 l - 4 potions of lignification
 t - a potion of cancellation {unknown}
 v - a potion of berserk rage {unknown}
 z - a potion of ambrosia {unknown}
 A - 2 potions of brilliance {unknown}


   Skills:
 + Level 13.3 Fighting
 + Level 13.1 Axes
 - Level 3.6 Armour
 - Level 3.6 Shields


You had 9 spell levels left.
You didn't know any spells.
Your spell library contained the following spells:

 Spells                   Type           Power      Damage    Failure   Level
 Beastly Appendage        Tmut           0%         N/A       92%         1
 Wereblood                Tmut           0%         N/A       98%         2
 Call Canine Familiar     Summ           0%         N/A       100%        3
 Portal Projectile        Hex/Tloc       0%         N/A       100%        3
 Spider Form              Tmut/Pois      0%         N/A       100%        3
 Tukima's Dance           Hex            0%         N/A       100%        3
 Leda's Liquefaction      Hex/Erth       0%         N/A       100%        4
 Blade Hands              Tmut           0%         N/A       100%        5
 Summon Forest            Summ/Tloc      0%         N/A       100%        5
 Eringya's Noxious Bog    Tmut/Pois      0%         N/A       100%        6
 Summon Hydra             Summ           0%         N/A       100%        7


Dungeon Overview and Level Annotations

Branches:
Dungeon (8/15)             Temple (1/1) D:7
   Lair: D:8-11

Altars:
Ashenzari
Cheibriados
Dithmenos
Elyvilon
Fedhas
Gozag
Hepliaklqana
Kikubaaqudgha
Makhleb
Nemelex Xobeh
Qazlal
Ru
Sif Muna
Trog
Uskayaw
Vehumet
Wu Jian
Xom
Yredelemnul
Zin

Shops:
D:5 [(*:


Innate Abilities, Weirdness & Mutations

You have a pair of horns on your head.
You reflexively headbutt those who attack you in melee.


Message History

The death yak is moderately wounded.
You hear a bellow!
The death yak gores you.
The howler monkey hoots and howls with incredible vigour!
You hear an angry hiss.
You barely miss the death yak.
The death yak is moderately wounded.
You slash the death yak! The death yak barely misses you.
You furiously retaliate!
You headbutt the death yak!!
A death yak comes into view.
The death yak gores you!!
You barely miss the death yak.
The death yak is lightly wounded.
You barely miss the death yak.
The howler monkey hoots and howls with incredible vigour!
The death yak closely misses you.
A yak comes into view.
The death yak gores you!!
* * * LOW HITPOINT WARNING * * *
You slice the death yak!! You headbutt the death yak!
The death yak is severely wounded.
You hit the death yak. The death yak barely misses you.
You block the death yak's attack.
You slice the death yak!!
You kill the death yak!
The Council accepts your kill.
You hit the death yak. The death yak gores you!
* * * LOW HITPOINT WARNING * * *
Your Axes skill increases to level 13!
You hit the death yak. You headbutt the death yak!
The death yak is moderately wounded.
You slash the death yak!
The death yak gores you but does no damage.
You block the death yak's attack.
You slash the death yak!
The death yak is moderately wounded.
You hit the death yak.
The death yak gores you but does no damage.
The death yak gores you!!
You die...

### #### #.. ...
#.####.### #.##.....##
# ## #.#.......#.# .h.
#.#.......#.# ....
###Y@..._.....## .....
#.YY#.......#..#
......#hYY#.......#..#
#Y..YYh#.##.....##..#
......YY#.####.####..#
........#............#
....#...#..###.#.....#
... #...#!.....##...##
.. .......##..##.#.#


You could see 7 death yaks, 2 yaks and 2 howler monkeys.

Vanquished Creatures
  2 death yaks (D:8)
  Joseph (D:8)
  A troll (D:8)
  A hornet (D:8)
  5 yaks
  A steam dragon (D:6)
  Duvessa (D:5)
  2 water moccasins (D:7)
  A sky beast (D:6)
  A black bear (D:7)
  2 orc warriors
  An ice beast (D:7)
  A kobold brigand (D:6)
  2 bullfrogs
  A gnoll sergeant (D:8)
  A necrophage (D:4)
  5 scorpions
  3 wights (D:8)
  Dowan (D:5)
  5 killer bees (D:5)
  2 howler monkeys
  A crimson imp (D:6)
  2 hounds
  4 orc priests
  A jelly (D:5)
  An iguana (D:4)
  Ijyb (D:4)
  3 orc wizards
  3 gnolls (D:8)
  5 adders
  A shadow imp (D:3)
  A white imp (D:8)
  4 ufetubi
  A worm (D:2)
  2 dart slugs
  19 orcs
  8 bats
  10 endoplasms
  3 giant cockroaches
  10 hobgoblins
  3 jackals (D:2)
  8 quokkas
  7 ball pythons
  3 frilled lizards
  5 goblins
  15 kobolds
  13 rats
174 creatures vanquished.

Notes
Turn   | Place    | Note
-------+----------+-------------------------------------------
     0 | D:1      | Radix the Minotaur Fighter began the quest for the Orb.
     0 | D:1      | Reached XP level 1. HP: 19/19 MP: 0/0
   146 | D:1      | Reached XP level 2. HP: 27/27 MP: 1/1
   400 | D:1      | Found a faded altar of an unknown god.
   441 | D:1      | Reached XP level 3. HP: 34/34 MP: 2/2
  1707 | D:2      | Reached XP level 4. HP: 41/41 MP: 3/3
  1943 | D:2      | Reached skill level 5 in Fighting
  2070 | D:3      | Reached XP level 5. HP: 17/48 MP: 4/4
  2481 | D:3      | Found a shimmering altar of Xom.
  2630 | D:3      | Reached skill level 5 in Axes
  3068 | D:4      | Reached XP level 6. HP: 57/57 MP: 5/5
  3209 | D:4      | Noticed Ijyb
  3222 | D:4      | Killed Ijyb
  3226 | D:4      | Found a sparkling altar of Nemelex Xobeh.
  3453 | D:4      | Identified the +3 ring mail of Turedgh {rPois rF+ Str+3}
  3584 | D:5      | Entered Level 5 of the Dungeon
  3613 | D:5      | Noticed Duvessa
  3613 | D:5      | Noticed Dowan
  3621 | D:5      | Killed Duvessa
  3632 | D:5      | Killed Dowan
  3633 | D:5      | Reached XP level 7. HP: 12/66 MP: 6/6
  3928 | D:5      | Found Noly's Antique Armour Boutique.
  4044 | D:5      | Found Usoitha's General Store.
  4318 | D:5      | Found Mualonox's Book Boutique.
  4435 | D:5      | Found Geikh's Weapon Shoppe.
  4796 | D:6      | Found an ancient bone altar of Kikubaaqudgha.
  4799 | D:6      | Noticed a steam dragon
  4807 | D:6      | Killed a steam dragon
  4855 | D:6      | Reached XP level 8. HP: 63/75 MP: 7/7
  5052 | D:6      | Found a glowing silver altar of Zin.
  5355 | D:6      | Found a snail-covered altar of Cheibriados.
  5575 | D:6      | Found a burning altar of Makhleb.
  5669 | D:6      | Found a hide-covered altar of Uskayaw.
  5788 | D:6      | Identified a scroll of acquirement
  5788 | D:6      | Acquired the ring of Xom's Flight of Fancy {rElec rPois rF+
                  | Str+4}
  5975 | D:7      | Found a staircase to the Ecumenical Temple.
  5986 | Temple   | Entered the Ecumenical Temple
  5986 | Temple   | Found a transporter.
  5986 | Temple   | Found a transporter.
  5988 | Temple   | Found a transporter.
  5988 | Temple   | Found a transporter.
  6029 | Temple   | Became a worshipper of the Wu Jian Council
  6058 | D:7      | Reached skill level 10 in Fighting
  6072 | D:7      | Reached skill level 10 in Axes
  6308 | D:7      | Reached XP level 9. HP: 55/86 MP: 8/8
  7138 | D:8      | Noticed a troll
  7144 | D:8      | Killed a troll
  7161 | D:8      | Found a white marble altar of Elyvilon.
  7248 | D:8      | Noticed Joseph
  7260 | D:8      | Killed Joseph
  7704 | D:8      | Paralysed by a hornet for 3 turns
  7886 | D:8      | Found a bloodstained altar of Trog.
  7896 | D:8      | Noticed a death yak
  7912 | D:8      | Noticed a death yak
  7913 | D:8      | Killed a death yak
  7913 | D:8      | Reached * piety under Wu Jian
  7913 | D:8      | Noticed a death yak
  7914 | D:8      | Reached XP level 10. HP: 64/101 MP: 9/9
  7914 | D:8      | Noticed a death yak
  7914 | D:8      | Noticed a death yak
  7915 | D:8      | Noticed a death yak
  7916 | D:8      | Noticed a death yak
  7917 | D:8      | Noticed a death yak
  7920 | D:8      | Noticed a death yak
  7923 | D:8      | Killed a death yak
  7925 | D:8      | Slain by a death yak

Illustrated notes

Levels and vault maps discovered:
D:1:      dpeg_arrival_houses_and_road, layout_loops_ring,
          chequers_ecumenical_altar_simple
D:2:      minmay_razor_zed, layout_loops_corners
D:3:      layout_loops_ring, nicolae_overflow_crystal_walls,
          columned_hall_lemuel
D:4:      layout_loops_cross, nemelex_spade_bored_becter,
          ebering_dispersal_statue_hall, uniq_ijyb
D:5:      layout_loops_ring, serial_shops, nicolae_shop_advertising_works
          [nicolae_subvault_shop_adworks], shop,
          nicolae_shop_temple_entry_statues_fountains, shop, uniq_duvessa
D:6:      layout_loops_cross, old_standard_altar, kennysheep_little_box,
          makhleb_grotto_becter, overflow_temple_1_default,
          amcnicky_altar_gilded, due_unseen_surprise
D:7:      layout_basic, minmay_temple_entry_purple_smoke
D:8:      layout_rooms, mainiacjoe_overflow_alcove_2, old_standard_altar,
          dpeg_lair_monsters, uniq_joseph
Temple:   hellmonk_temple_divided_pantheon

Skill      XL: |  1  2  3  4  5  6  7  8  9 10 |
---------------+-------------------------------+-----
Fighting       | 4 5 6 7 8 10 13 | 13.3
Axes           | 3 4 5 6 8 10 12 13 | 13.1
Armour         | |  3.6
Shields        | |  3.6

Action                   |  1- 3 |  4- 6 |  7- 9 | 10-12 || total
-------------------------+-------+-------+-------+-------++-------
Melee: War axe           |    79 |   115 |   163 |    10 ||   367
       Headbutt          |     9 |    21 |    38 |     2 ||    70
Throw: Javelin           |       |     2 |       |       ||     2
Invok: Lunge             |       |       |    10 |       ||    10
Evoke: Wand              |       |       |     1 |       ||     1
  Use: Scroll            |       |       |    14 |       ||    14
       Potion            |       |       |     2 |     1 ||     3
Armor: Scale mail        |    17 |       |       |       ||    17
       Chain mail        |    16 |    41 |       |       ||    57
       Ring mail         |       |     5 |    54 |     4 ||    63
Dodge: Dodged            |    39 |    49 |   105 |     4 ||   197
Block: Buckler           |    24 |       |       |       ||    24
       Kite shield       |       |    55 |    75 |     2 ||   132
